 Dungeon Crawl Stone Soup version 0.23.2 (webtiles) character file.

Game seed: 8252534077069613301

1011 night the Magician (level 8, -1/52 HPs)
             Began as a Demonspawn Wizard on Apr 4, 2019.
             Was a Follower of Ru.
             Slain by a worker ant (5 damage)
             ... on level 5 of the Dungeon.
             The game lasted 00:24:59 (6344 turns).

night the Magician (Demonspawn Wizard)              Turns: 6344, Time: 00:25:00

Health: -1/52      AC:  2    Str:  7    XL:     8   Next: 1%
Magic:  14/17      EV: 14    Int: 21    God:    Ru [*.....]
Gold:   179        SH:  0    Dex: 13    Spells: 12/19 levels left

rFire    . . .     SeeInvis .   a - +2 mace (protect)
rCold    + . .     Gourm    .   (no shield)
rNeg     . . .     Faith    .   g - +0 robe
rPois    .         Spirit   .   l - +0 hat
rElec    .         Reflect  .   (no cloak)
rCorr    .         Harm     .   (no gloves)
MR       .....                  (no boots)
Stlth    ++........             r - amulet of rage
HPRegen  0.17/turn              (no ring)
MPRegen  0.15/turn              (no ring)

@: lethally poisoned (-1 -> -6)
A: horns 2, repulsion field 1, cold resistance 1, spiny 1, missing an eye
a: Renounce Religion, Evoke Berserk Rage


You were on level 5 of the Dungeon.
You worshipped Ru.
Ru was aware of your devotion.
You were not hungry.

You visited 2 branches of the dungeon, and saw 6 of its levels.

You collected 179 gold pieces.

Inventory:

Hand Weapons
 a - a +2 mace of protection (weapon)
 b - a +0 rapier
 n - a +0 quarterstaff
 s - a +0 mace
 y - a +0 trident
Missiles
 c - 89 stones (quivered)
 j - 20 sling bullets
 q - 67 arrows
 v - 18 bolts
 A - a throwing net
Armour
 g - a +0 robe (worn)
 l - a +0 hat (worn)
Jewellery
 r - an amulet of rage (around neck)
Scrolls
 e - a scroll of noise {unknown}
 f - a scroll of fog {unknown}
 i - 2 scrolls of blinking {unknown}
 k - a scroll of identify
 p - 2 scrolls of amnesia {unknown}
 t - 3 scrolls of magic mapping {unknown}
 u - 3 scrolls of remove curse {unknown}
 z - a scroll of enchant weapon {unknown}
Potions
 h - 2 potions of heal wounds {unknown}
 m - 3 potions of lignification
 o - a potion of curing
 x - a potion of berserk rage {unknown}
Comestibles
 d - 9 rations
 w - 3 chunks of flesh


   Skills:
 - Level 1.7 Dodging
 - Level 1.7 Stealth
 + Level 6.0 Spellcasting
 + Level 5.7 Conjurations
   Level 1.0 Summonings
   Level 0.8 Translocations
 + Level 3.8 Air Magic


You had 12 spell levels left.
You knew the following spells:

 Your Spells              Type           Power        Failure   Level  Hunger
a - Magic Dart            Conj           ####         1%          1    None
b - Mephitic Cloud        Conj/Pois/Air  ###.....     8%          3    ##.....
c - Conjure Flame         Conj/Fire      ###.....     9%          3    ##.....

Your spell library contained the following spells:

 Spells                   Type           Power        Failure   Level  Hunger
 Call Imp                 Summ           ##......     10%         2    None
 Blink                    Tloc           N/A          11%         2    None
 Slow                     Hex            #.......     14%         2    None


Dungeon Overview and Level Annotations

Branches:
Dungeon (5/15)             Temple (1/1) D:5

Altars:
Ashenzari
Cheibriados
Dithmenos
Elyvilon
Fedhas
Gozag
Hepliaklqana
Kikubaaqudgha
Nemelex Xobeh
Qazlal
Ru
Uskayaw
Vehumet
Wu Jian
Xom
Yredelemnul
Zin
The Shining One

Shops:
D:4 *


Innate Abilities, Weirdness & Mutations

You have a pair of horns on your head.
You are surrounded by a mild repulsion field. (EV +2)
Your flesh is cold resistant. (rC+)
You are partially covered in sharp spines.
You are missing an eye, making it more difficult to aim.


Message History

The ice beast freezes you. You resist.
* * * LOW HITPOINT WARNING * * *
The worker ant is struck by your spines.
The worker ant barely misses you.
The ice beast hits you but does no damage.
You feel better. The worker ant barely misses you.
The ice beast closely misses you.
You aren't carrying any items that you can evoke.
The worker ant barely misses you. The ice beast barely misses you.
The worker ant bites you.
* * * LOW HITPOINT WARNING * * *
You are lethally poisoned!
The worker ant poisons you!
* * * LOW HITPOINT WARNING * * *
You feel sick.
* * * LOW HITPOINT WARNING * * *
You feel sick.
The worker ant is struck by your spines.
The worker ant bites you.
You die...

.......#.####.##.....###.#####
.........# #.#####.........#.
#........#####.# #...#..##.#.
#..............# #...#...#.#.
#..............# ###.#..<..#.
#...#####......# ..##.##.#.
#...#<..#..###.## ..+.....#.
#...#.#.#...#...# ...##.##.#.
#...###.#.#.#.@.# ...##......
#...Y...#.#.#.a.# ####...
#...#####.#.#.Y.# ###. ##.#
..#.#...# #. #. ###.(...#
#####' # #....#+## #.....
#.#).# #..... # #..# #.....
#... #.....


You could see an ice beast and a worker ant.

Vanquished Creatures
  Eustachio (D:5)
  A sky beast (D:5)
  4 ogres (D:4)
  A centaur (D:5)
  A scorpion (D:5)
  A crimson imp (D:5)
  A quasit (D:4)
  5 orc wizards
  A worker ant (D:4)
  3 gnolls (D:5)
  3 adders
  An ooze (D:2)
  An adder skeleton (D:4)
  A worm (D:3)
  2 dart slugs
  2 leopard geckos (D:3)
  10 orcs
  6 bats
  A giant cockroach (D:4)
  6 goblins
  5 hobgoblins
  4 jackals (D:5)
  3 quokkas
  3 ball pythons
  3 frilled lizards
  6 kobolds
  A leopard gecko skeleton (D:4)
  6 rats
83 creatures vanquished.

Vanquished Creatures (others)
  A plant (D:2)
1 creature vanquished.

Grand Total: 84 creatures vanquished

Notes
Turn   | Place    | Note
-------+----------+-------------------------------------------
     0 | D:1      | night the Demonspawn Wizard began the quest for the Orb.
     0 | D:1      | Reached XP level 1. HP: 13/13 MP: 4/4
   316 | D:1      | Gained mutation: Your flesh is cold resistant. (rC+)
                  | [demonic ancestry]
   316 | D:1      | Reached XP level 2. HP: 18/19 MP: 0/6
  1072 | D:2      | Found a sacrificial altar of Ru.
  1088 | D:2      | Became a worshipper of Ru the Awakened
  1347 | D:2      | Gained mutation: You have a pair of small horns on your
                  | head. [demonic ancestry]
  1347 | D:2      | Reached XP level 3. HP: 24/24 MP: 0/8
  1574 | D:2      | Learned a level 3 spell: Mephitic Cloud
  2040 | D:3      | Found a sparkling altar of Nemelex Xobeh.
  2447 | D:3      | Gained mutation: You are partially covered in sharp spines.
                  | [demonic ancestry]
  2447 | D:3      | Reached XP level 4. HP: 27/30 MP: 3/9
  2557 | D:3      | Learned a level 3 spell: Conjure Flame
  2659 | D:3      | Reached skill level 4 in Spellcasting
  2687 | D:3      | Gained mutation: You are missing an eye, making it more
                  | difficult to aim. [Ru sacrifice]
  2687 | D:3      | Reached * piety under Ru
  2980 | D:3      | Reached XP level 5. HP: 11/35 MP: 0/11
  3379 | D:3      | Found an ornate altar of the Wu Jian Council.
  3379 | D:3      | Found a basalt altar of Yredelemnul.
  3380 | D:3      | Found a hide-covered altar of Uskayaw.
  3930 | D:4      | Found Gozag's Platinum Reserve.
  3932 | D:4      | Found an opulent altar of Gozag.
  4005 | D:4      | Noticed an ogre
  4022 | D:4      | Killed an ogre
  4022 | D:4      | Reached skill level 1 in Air Magic
  4186 | D:4      | Noticed an ogre
  4201 | D:4      | Killed an ogre
  4201 | D:4      | Gained mutation: You have a pair of horns on your head.
                  | [demonic ancestry]
  4201 | D:4      | Reached XP level 6. HP: 20/41 MP: 3/13
  4485 | D:4      | Reached skill level 5 in Spellcasting
  4793 | D:4      | Gained mutation: You are surrounded by a mild repulsion
                  | field. (EV +2) [demonic ancestry]
  4793 | D:4      | Reached XP level 7. HP: 41/46 MP: 9/14
  5214 | D:5      | Entered Level 5 of the Dungeon
  5387 | D:5      | Reached skill level 5 in Conjurations
  5607 | D:5      | Found a staircase to the Ecumenical Temple.
  5618 | Temple   | Entered the Ecumenical Temple
  5879 | D:5      | Noticed Eustachio
  5905 | D:5      | Killed Eustachio
  6328 | D:5      | Reached skill level 6 in Spellcasting
  6328 | D:5      | Reached XP level 8. HP: 45/52 MP: 13/17
  6339 | D:5      | HP: 2/52 [ice beast (6)]
  6344 | D:5      | Slain by a worker ant

Skill      XL: |  1  2  3  4  5  6  7 |
---------------+----------------------+-----
Conjurations   | 2 3 4 5 |  5.7
Spellcasting   | 4 5 6 |  6.0
Air Magic      | 1 2 3 |  3.8
Dodging        | |  1.7
Stealth        | |  1.7
Summonings     | |  1.0
Translocations | |  0.8

Action                   |  1- 3 |  4- 6 |  7- 9 || total
-------------------------+-------+-------+-------++-------
Melee: Mace              |    13 |     4 |    15 ||    32
       Unarmed           |     1 |       |       ||     1
       Quarterstaff      |    17 |    11 |       ||    28
       Headbutt          |     2 |    10 |    10 ||    22
       Dagger            |       |    42 |    26 ||    68
       Rapier            |       |       |    26 ||    26
 Cast: Magic Dart        |    75 |    66 |    39 ||   180
       Mephitic Cloud    |     1 |     8 |     9 ||    18
       Conjure Flame     |       |     2 |     1 ||     3
Invok: Sacrifice an Eye  |       |     1 |       ||     1
  Use: Scroll            |       |     1 |       ||     1
       Potion            |       |       |     2 ||     2
 Stab: Confused          |       |     5 |     6 ||    11
       Sleeping          |       |       |     1 ||     1
  Eat: Chunk             |     4 |     9 |     5 ||    18
Armor: Robe              |    11 |       |     5 ||    16
Dodge: Dodged            |    29 |    26 |    39 ||    94
